[Event "Croatian junior league 2021"]
[Site "Rabac"]
[Date "2021.04.07"]
[Round "3.9"]
[White "Bunic, Emanuel"]
[Black "Colev, Ivor"]
[Result "0-1"]
[ECO "A85"]
[WhiteElo "1839"]
[BlackElo "1847"]
[Annotator "NA RC"]
[PlyCount "78"]
[EventDate "2021.04.06"]
[EventType "swiss"]
[EventCountry "CRO"]
[SourceTitle "playchess.com"]
[Source "ChessBase"]
[SourceQuality "1"]
[TimeControl "5400+30"]

1. d4 f5 2. c4 e6 3. Nc3 Nf6 4. Bg5 Bb4 5. Nf3 O-O 6. Qb3 a5 7. e3 b6 8. Be2 Bb7 9. O-O Bxc3 10. bxc3 h6 11. Bxf6 Qxf6 12. c5 a4 13. Qb2 a3 $16 {[%emt 0:04:53] [#]} 14. Qb3 $1 b5 15. Ne5 d6 16. cxd6 cxd6 17. Bf3 Bxf3 18. Nxf3 Ra5 19. Qb4 Qd8 20. Rad1 Nc6 21. Qb3 d5 22. Rb1 Qc7 23. Qc2 Rb8 24. Nd2 Raa8 25. Nb3 Nb4 26. Qd2 Na6 27. Nc1 Qa5 28. f4 Rc8 29. Rb3 Rc4 30. Ne2 Rac8 31. Rfb1 Rb8 32. Nc1 Rbc8 33. Nd3 Rxc3 34. Rxc3 Qxc3 35. Qxc3 Rxc3 36. Nb4 Nxb4 37. Rxb4 Rc1+ 38. Kf2 Rc2+ 39. Kf3 Rb2 0-1

[Event "Croatian junior league 2021"]
[Site "Rabac"]
[Date "2021.04.07"]
[Round "3.10"]
[White "Perko, Bartol"]
[Black "Zadro, Matej"]
[Result "1-0"]
[ECO "A36"]
[WhiteElo "1766"]
[BlackElo "1742"]
[Annotator "NA RC"]
[PlyCount "55"]
[EventDate "2021.04.06"]
[EventType "swiss"]
[EventCountry "CRO"]
[SourceTitle "playchess.com"]
[Source "ChessBase"]
[SourceQuality "1"]
[TimeControl "5400+30"]

1. c4 Nf6 2. Nc3 g6 3. g3 Bg7 4. Bg2 O-O 5. d3 d6 6. e4 c5 7. Nge2 Nc6 8. O-O Nd4 9. h3 Nd7 10. f4 Nb8 11. Rb1 Nbc6 12. Be3 a6 13. g4 b5 14. f5 Bd7 15. Qd2 bxc4 16. dxc4 Ne5 17. b3 Nxe2+ 18. Nxe2 a5 19. Bh6 a4 20. Bxg7 Kxg7 21. g5 axb3 22. axb3 Ra6 23. Qf4 e6 24. f6+ Kh8 25. Qh4 Ra2 26. Qh6 Rg8 27. Rf4 Qf8 28. Qxh7+ 1-0

[Event "Croatian junior league 2021"]
[Site "Rabac"]
[Date "2021.04.07"]
[Round "3.11"]
[White "Horcicka, Jan"]
[Black "Poljan, Max"]
[Result "1-0"]
[ECO "B45"]
[WhiteElo "1698"]
[BlackElo "1573"]
[Annotator "NA RC"]
[PlyCount "113"]
[EventDate "2021.04.06"]
[EventType "swiss"]
[EventCountry "CRO"]
[SourceTitle "playchess.com"]
[Source "ChessBase"]
[SourceQuality "1"]
[TimeControl "5400+30"]

1. e4 c5 2. Nf3 e6 3. d4 cxd4 4. Nxd4 Nf6 5. Nc3 Nc6 6. Ndb5 Bb4 7. a3 Bxc3+ 8. Nxc3 O-O 9. Bf4 e5 10. Bg5 h6 11. Bh4 d6 12. Bc4 a6 13. Nd5 g5 14. Bg3 Nxd5 15. Bxd5 Ne7 16. Ba2 Qb6 17. h4 g4 18. Qd2 Kg7 19. O-O-O f5 20. Qxd6 Qxd6 21. Rxd6 f4 22. Bh2 Rf6 23. Rhd1 Rxd6 24. Rxd6 h5 25. f3 Ng6 26. fxg4 Bxg4 27. Rb6 Rb8 28. g3 f3 29. Bg1 Nf8 30. Bd5 Nd7 31. Rxb7 Rxb7 32. Bxb7 Nf6 33. Kd2 Kf7 34. Ke3 a5 35. Bf2 Nd7 36. Be1 a4 37. Bc6 Nb6 38. Bb5 Ke7 39. Bb4+ Ke6 40. Ba5 Nd7 41. Bxa4 Nc5 42. Bc6 Kd6 43. Bd5 Na4 44. Bb4+ Kc7 45. Bc3 Nxc3 46. bxc3 Kb6 47. Bf7 Ka5 48. Be8 Ka6 49. c4 Kb6 50. c3 Kc5 51. Bb5 Kb6 52. Ba4 Kc5 53. Bb3 Kb6 54. Kf2 Kc5 55. a4 Kb6 56. Bd1 Be6 57. Bxf3 1-0

[Event "Croatian junior league 2021"]
[Site "Rabac"]
[Date "2021.04.07"]
[Round "3.12"]
[White "Hergotic, Mihael"]
[Black "Kostic, Lovro"]
[Result "1-0"]
[ECO "B06"]
[WhiteElo "1476"]
[BlackElo "1367"]
[Annotator "NA RC"]
[PlyCount "101"]
[EventDate "2021.04.06"]
[EventType "swiss"]
[EventCountry "CRO"]
[SourceTitle "playchess.com"]
[Source "ChessBase"]
[SourceQuality "1"]
[TimeControl "5400+30"]

1. e4 g6 2. d4 Bg7 3. Nc3 d6 4. g3 a6 5. a4 b6 6. Bg2 Bb7 7. Nge2 Nd7 8. O-O c5 9. f4 e6 10. f5 exf5 11. exf5 Bxg2 12. Kxg2 Ngf6 13. Bg5 Qc7 14. fxg6 fxg6 15. Nf4 O-O 16. Ne6 Qb7+ 17. d5 Rfe8 18. Kg1 Nxd5 19. Qxd5 Qxd5 20. Nxd5 Rxe6 21. Nc7 Bd4+ 22. Kh1 Rae8 23. Nxe8 Rxe8 24. c3 Bg7 25. Rae1 Rxe1 26. Rxe1 Ne5 27. Rd1 Bf8 28. Bd8 Ng4 29. Rd2 Ne3 30. Rd3 Ng4 31. Kg2 Ne5 32. Rd1 Nc4 33. Rb1 b5 34. axb5 axb5 35. b4 Na3 36. Rb3 cxb4 37. Rxb4 d5 38. Rb3 Kf7 39. Ba5 Nc2 40. Rxb5 d4 41. cxd4 Nxd4 42. Rb7+ Kg8 43. Bc3 Ne6 44. Kf3 Nc5 45. Ra7 Ne6 46. Ke4 Ng7 47. Kd5 Nf5 48. Ke6 Ng7+ 49. Bxg7 Bxg7 50. Ra8+ Bf8 51. Kf6 1-0

[Event "Croatian junior league 2021"]
[Site "Rabac"]
[Date "2021.04.07"]
[Round "3.15"]
[White "Birkic, Josip"]
[Black "Mijic, Karlo"]
[Result "1/2-1/2"]
[ECO "E06"]
[WhiteElo "1972"]
[BlackElo "1599"]
[Annotator "NA RC"]
[PlyCount "101"]
[EventDate "2021.04.06"]
[EventType "swiss"]
[EventCountry "CRO"]
[SourceTitle "playchess.com"]
[Source "ChessBase"]
[SourceQuality "1"]
[TimeControl "5400+30"]

1. Nf3 Nf6 2. c4 e6 3. g3 d5 4. Bg2 Be7 5. O-O O-O 6. d4 c6 7. b3 Na6 8. Nbd2 Nc7 $14 9. Qc2 b6 10. Ne5 Bb7 11. Bb2 Rc8 12. Rad1 Nfe8 13. f3 c5 14. e3 Nd6 15. Qb1 Nf5 16. Rfe1 cxd4 17. exd4 dxc4 18. Ndxc4 Bb4 19. Re2 Nd5 20. Rd3 b5 21. Nd2 Nc3 22. Bxc3 Bxc3 23. d5 Bxd5 24. Ng4 Qb6+ 25. Nf2 Rc7 26. Rxd5 Nxg3 27. hxg3 exd5 28. Qd3 Qd4 29. Qxd4 Bxd4 30. f4 Rc2 31. Kf1 Bc3 32. Nf3 Rxe2 33. Kxe2 d4 34. Kd3 b4 35. Ne5 Rd8 36. g4 f6 37. Nc6 Re8 38. Bd5+ Kf8 39. Ne4 Ba1 40. Nxb4 f5 41. gxf5 h5 42. Nc2 Rd8 43. Be6 Bb2 44. f6 gxf6 45. Nb4 Re8 46. Bf5 Kg7 47. Nd5 Rf8 48. Ndxf6 Rxf6 49. Nxf6 Kxf6 50. Bh3 h4 51. Ke4 1/2-1/2

[Event "Croatian junior league 2021"]
[Site "Rabac"]
[Date "2021.04.07"]
[Round "3.16"]
[White "Bedic, Noemi"]
[Black "Zekic, Patrik"]
[Result "0-1"]
[ECO "C06"]
[WhiteElo "1587"]
[BlackElo "1731"]
[Annotator "NA RC"]
[PlyCount "110"]
[EventDate "2021.04.06"]
[EventType "swiss"]
[EventCountry "CRO"]
[SourceTitle "playchess.com"]
[Source "ChessBase"]
[SourceQuality "1"]
[TimeControl "5400+30"]

1. e4 e6 2. d4 d5 3. Nd2 Be7 4. Ngf3 Nf6 5. e5 Nfd7 6. Bd3 c5 7. c3 Nc6 8. O-O g5 9. Nb1 h5 10. Be3 g4 11. Ne1 Qb6 12. b3 a5 13. Nc2 cxd4 14. cxd4 Rg8 15. Be2 f5 16. exf6 Nxf6 17. f3 Bd7 18. Nc3 O-O-O 19. Na4 Qc7 20. Rc1 gxf3 21. Rxf3 Ng4 22. Bf4 Bd6 23. Bxd6 Qxd6 24. Rh3 Qf4 25. Bxg4 hxg4 26. Rc3 g3 27. Rxg3 Rxg3 28. hxg3 Qxg3 29. Qe1 Qf4 30. Qe3 Rf8 31. Qxf4 Rxf4 32. g3 Rg4 33. Kf2 Kd8 34. Rd1 Ne7 35. Ne3 Rg6 36. Nc5 b6 37. Nd3 Nc6 38. Nf4 Rg8 39. Ne2 Ke7 40. Rg1 Kf6 41. g4 e5 42. dxe5+ Kxe5 43. Kf3 Nb4 44. a3 Nc6 45. g5 Ne7 46. Nc1 Be6 47. Nd3+ Kd4 48. Nc1 Kc3 49. Kf4 d4 50. Nd1+ Kd2 51. Ke5 Bc8 52. Nf2 Nf5 53. Ne4+ Kc2 54. g6 Nh4 55. Kf6 Bf5 0-1

[Event "Croatian junior league 2021"]
[Site "Rabac"]
[Date "2021.04.07"]
[Round "3.23"]
[White "Martic, Filip"]
[Black "Veverec, Ivo"]
[Result "1/2-1/2"]
[ECO "D35"]
[WhiteElo "1756"]
[BlackElo "1786"]
[Annotator "NA RC"]
[PlyCount "83"]
[EventDate "2021.04.06"]
[EventType "swiss"]
[EventCountry "CRO"]
[SourceTitle "playchess.com"]
[Source "ChessBase"]
[SourceQuality "1"]
[TimeControl "5400+30"]

1. d4 d5 2. Nf3 Nf6 3. c4 e6 4. Nc3 c6 5. Qc2 h6 6. cxd5 exd5 7. Bf4 Bd6 8. Bg3 O-O 9. e3 Re8 10. Bd3 a5 11. O-O Na6 12. a3 Nc7 13. Rab1 Bxg3 14. hxg3 Qe7 15. Rfc1 Ne4 16. Na4 Nd6 17. Nb6 Ra7 18. b4 axb4 19. axb4 Ndb5 20. Nxc8 Rxc8 21. Qc5 Qxc5 22. bxc5 f6 23. Nh4 Ra3 24. Bxb5 Nxb5 25. Nf5 Rb8 26. Ra1 Rba8 27. Rxa3 Rxa3 28. Rb1 Ra7 29. g4 Kf7 30. Kh2 Ra2 31. Kg3 Ra7 32. Rb2 Ra8 33. Rb3 Ra7 34. f3 Ra4 35. Kf4 Ra7 36. Rb4 Ra2 37. Kg3 Ra3 38. Kf4 Ra2 39. Kg3 Ra3 40. Kf4 Ra2 41. Kg3 Ra3 42. Kf4 1/2-1/2